Map: Dusty Gorge

Players

llllllllllll

  • Race: Terran Terran
  • Spawn Location: 5:00

llllllllllll

  • Race: Protoss Protoss
  • Spawn Location: 3:00

PureLegacy - Winner!

  • Race: Terran Terran
  • Spawn Location: 9:00

IIllIIlllIII - Winner!

  • Race: Zerg Zerg
  • Spawn Location: 11:00

VOD

Have the link to the VOD?

Description

Time

  • Played on: Nov. 23, 2018, 8:10 a.m.
  • Length: 6:59
Show
View Real Time Build Order
Export as new Build Order

llllllllllll Terran 

Build Orders:  

Get SALT Encoding   

  12  0:23  SCV  
  12  0:27  Refinery  
  13  0:30  Supply Depot  
  13  0:35  SCV  
  14  0:47  SCV  
  15  0:56  Barracks  
  15  1:00  SCV  
  16  1:12  SCV  
  17  1:24  SCV  
  18  1:36  SCV  
  19  1:44  Bunker  
  19  1:45  Marine  
  20  1:48  Bunker  
  20  2:02  Marine  
  21  2:20  Marine  
  22  2:38  Marine  
  22  2:56  Marine  
  23  3:01  Supply Depot  
  23  3:22  Marine  
  24  3:40  Marine  
  18  4:51  SCV  
  19  4:55  Bunker  
  19  5:03  SCV  
Show
View Real Time Build Order
Export as new Build Order

llllllllllll Protoss 

Build Orders:  

Get SALT Encoding   

  12  0:00  Probe  
  13  0:12  Probe  
  14  0:18  Pylon  
  14  0:25  Probe  
  15  0:37  Probe  
  15  0:41  Gateway  
  16  0:45  Assimilator  
  16  0:46  Assimilator  
  16  0:49  Probe  
  17  1:01  Probe  
  18  1:06  Gateway  
  18  1:13  Probe  
  19  1:22  Gateway  
  19  1:25  Probe  
  20  1:28  Cybernetics Core  
  20  1:32  Pylon  
  20  1:37  Probe  
  21  1:49  Probe  
  22  1:59  Pylon  
  22  2:01  Probe  
  22  2:05  Stalker  
  22  2:06  Stalker  
  27  2:08  Pylon  
  27  2:09  Stalker  
  27  2:10  Warp Gate  
  27  2:11  Shield Battery  
  29  2:17  Shield Battery  
  29  2:30  Robotics Facility  
  29  2:35  Stalker  
  31  2:47  Stalker  
  33  2:53  Gateway  
  33  2:57  Gateway  
  33  3:00  Gateway  
  33  3:10  Gateway  
  33  3:11  Immortal  
  39  3:27  Sentry x2  
  39  3:28  Sentry  
  39  3:32  Pylon  
  39  3:33  Pylon  
  43  3:35  Pylon x2  
  43  3:46  Warp Prism  
  43  3:48  Adept x2  
  47  3:50  Adept  
  47  3:51  Pylon  
  51  3:58  Shield Battery  
  51  4:13  Sentry x3  
  57  4:22  Pylon  
  57  4:23  Pylon  
  57  4:26  Forge  
  50  4:39  Pylon  
  50  4:46  Pylon  
  50  4:47  Probe  
  52  5:00  Probe  
  52  5:01  Photon Cannon  
  52  5:04  Sentry x2  
  52  5:05  Photon Cannon  
  52  5:06  Sentry  
  58  5:10  Photon Cannon  
  58  5:12  Photon Cannon, Probe  
  59  5:24  Probe  
  60  5:30  Stalker x4  
  60  5:33  Zealot  
  70  5:36  Probe  
  71  5:59  Adept x3  
  77  6:19  Sentry x2  
  77  6:31  Zealot x2  
  51  6:46  Adept x2  
Show
View Real Time Build Order
Export as new Build Order

PureLegacy Terran - Winner!

Build Orders:  

Get SALT Encoding   

  12  0:15  SCV  
  13  0:25  Supply Depot  
  13  0:27  SCV  
  14  0:33  Refinery  
  14  0:39  SCV  
  15  0:51  Barracks, SCV  
  16  1:03  SCV  
  17  1:10  Barracks  
  17  1:22  Barracks  
  17  1:26  SCV  
  18  1:38  Reaper  
  19  1:46  Orbital Command  
  19  1:53  Refinery  
  19  1:58  Reaper  
  20  2:10  Reaper  
  20  2:11  Supply Depot  
  20  2:14  Reaper  
  22  2:20  SCV  
  23  2:33  Reaper, SCV  
  25  2:40  Supply Depot  
  25  2:45  Reaper  
  25  2:46  SCV  
  25  2:50  Reaper  
  29  3:05  Reaper  
  29  3:09  SCV  
  30  3:21  Reaper  
  30  3:24  Reaper  
  30  3:25  Command Center  
  32  3:27  SCV  
  33  3:37  Reaper  
  33  3:41  Supply Depot  
  34  3:51  Barracks  
  34  3:56  Barracks  
  34  3:59  Reaper x2  
  36  4:10  Reaper  
  36  4:15  Engineering Bay, SCV  
  38  4:26  Supply Depot  
  38  4:27  SCV  
  38  4:31  Reaper  
  34  4:46  Reaper x3  
  34  4:47  Reaper  
  34  4:51  SCV, Orbital Command  
  38  4:55  Terran Infantry Weapons Level 1  
  38  5:08  Reaper  
  38  5:10  Bunker  
  38  5:11  Bunker  
  39  5:14  Refinery  
  39  5:20  Reaper x2  
  41  5:25  Refinery  
  41  5:26  SCV  
  42  5:29  SCV  
  42  5:33  Reaper  
  44  5:39  Reaper  
  45  5:45  Reaper  
  45  5:46  SCV x2  
  48  5:52  Reaper  
  49  5:58  Reaper  
  50  6:05  Reaper  
  51  6:12  Reaper  
  53  6:24  Reaper  
  31  6:47  SCV x2  
Show
View Real Time Build Order
Export as new Build Order

IIllIIlllIII Zerg - Winner!

Build Orders: Pool First 

Get SALT Encoding   

  12  0:03  Drone  
  13  0:23  Overlord  
  13  0:24  Drone  
  14  0:42  Drone x2  
  16  0:49  Drone  
  17  0:53  Extractor  
  16  0:57  Drone  
  16  1:02  Spawning Pool  
  16  1:07  Drone  
  17  1:17  Drone  
  18  1:30  Hatchery  
  18  1:32  Drone  
  18  1:48  Queen  
  20  1:55  Metabolic Boost  
  20  1:56  Zergling x2  
  21  2:02  Overlord  
  21  2:12  Zergling x2  
  22  2:25  Zergling x4  
  22  2:26  Queen  
  26  2:44  Zergling x6  
  29  2:53  Zergling x2  
  30  3:01  Zergling x8  
  34  3:09  Roach Warren  
  33  3:34  Drone  
  33  3:35  Drone x2  
  33  3:36  Overlord x2  
  36  3:46  Evolution Chamber  
  24  4:43  Zergling x4  
  24  4:44  Zergling x14  
  24  4:45  Zergling x8  
  36  4:50  Zerg Ground Armor Level 1  
  36  4:53  Lair  
  36  4:56  Drone x2  
  38  5:41  Drone x5  
  38  5:42  Drone x3  
  46  5:43  Evolution Chamber  
  46  5:45  Extractor  
  44  6:00  Zergling x6  
  47  6:15  Zergling x4  
  47  6:16  Zergling x6  
  41  6:33  Zergling x6  
  41  6:34  Zergling x4  
  41  6:57  Hydralisk Den  
Tags
 
Add a new tag
Caveats
  • Supply blocks, unpowered buildings, or Contaminate may cause inaccurate times.
  • Supply counts are checked every 10 seconds.